 Dungeon Crawl Stone Soup version 0.19-a0-1037-g36c65c9 (webtiles) character file.

105 packetloss the Stinger (level 4, -1/36 HPs)
             Began as a Naga Venom Mage on July 30, 2016.
             Slain by a gnoll
             ... wielding a +2 spear of chaos
              (14 damage)
             ... on level 3 of the Dungeon.
             The game lasted 00:14:38 (3138 turns).

packetloss the Stinger (Naga Venom Mage)            Turns: 3138, Time: 00:14:38

Health: -1/36      AC:  2    Str: 11    XL:     4   Next: 81%
Magic:  0/7        EV:  9    Int: 16    God:
Gold:   90         SH:  0    Dex: 11    Spells: 2 memorised, 4 levels left

rFire  . . .     SeeInvis +     h - -1 whip (curse)
rCold  + . .     Gourm    .     a - +0 robe
rNeg   . . .     Faith    .     (no shield)
rPois  +         Spirit   .     (no helmet)
rElec  .         Dismiss  .     (no cloak)
rCorr  .         Reflect  .     (no gloves)
SustAt .         Harm     .     (no barding)
MR     .....                    (no amulet)
Stlth  ++........               (no ring)
                                q - ring of protection from cold {rC+, !d}

@: very slightly contaminated, heavily drained, very slow, not resistant to
hostile enchantments, unstealthy
A: see invisible, deformed body, poison resistance, slowness 2, slow metabolism
1, spit poison 2, AC +1
a: Spit Poison


You were on level 3 of the Dungeon.
You were not hungry.

You visited 1 branch of the dungeon, and saw 3 of its levels.

You collected 90 gold pieces.

Inventory:

Hand Weapons
 e - a +0 club
   (You took it off a kobold on level 1 of the Dungeon)
 h - a cursed -1 whip (weapon)
   (You took it off a kobold on level 1 of the Dungeon)
 i - a +0 hunting sling
   (You found it on level 1 of the Dungeon)
 k - a +0 flail
   (You took it off a gnoll on level 1 of the Dungeon)
Missiles
 f - 136 stones (quivered)
 x - 7 needles of frenzy
Armour
 a - a +0 robe (worn)
 u - a cursed +0 chain mail
   (You found it on level 2 of the Dungeon)
Jewellery
 m - an uncursed amulet of harm
   (You found it on level 1 of the Dungeon)
 q - a ring of protection from cold (left hand) {rC+, !d}
   (You found it on level 1 of the Dungeon)
Scrolls
 d - a scroll of identify
 j - a scroll of noise {unknown}
 n - 2 scrolls of remove curse {unknown}
 v - a scroll of amnesia {unknown}
 y - a scroll of enchant armour {unknown}
 C - a scroll of teleportation {unknown}
Potions
 g - 2 potions of flight
 l - a potion of lignification {unknown}
 o - 2 potions of degeneration {!q}
 p - a potion of curing
 r - 2 potions of brilliance
 s - a potion of heal wounds {unknown}
 t - a potion of ambrosia {unknown}
 D - a potion of magic {unknown}
Books
 b - a Young Poisoner's Handbook
Comestibles
 c - 2 bread rations {@e1}
 w - 3 chunks of flesh {@w0}
 z - a slice of pizza
 A - a meat ration {@e2}
 B - a beef jerky


   Skills:
 - Level 1.5(0.3) Dodging
 - Level 4.5(3.1) Stealth
 - Level 2.5(1.2) Spellcasting
 + Level 2.3(1.0) Conjurations
 - Level 5.9(4.5) Poison Magic


You had 4 spell levels left.
You knew the following spells:

 Your Spells              Type           Power        Failure   Level  Hunger
a - Sting                 Conj/Pois      #...         10%         1    ##.....
x - Mephitic Cloud        Conj/Pois/Air  #.......     34%         3    ####...


Dungeon Overview and Level Annotations

Branches:
Dungeon (3/15)

Altars:


Innate Abilities, Weirdness & Mutations

You cannot wear boots.
Your serpentine skin is tough. (AC +1)
You have supernaturally acute eyesight. (SInv)
Armour fits poorly on your strangely shaped body.
Your system is resistant to poisons. (rPois)
You cover ground very slowly.
You have a slow metabolism.
You can spit poison.


Message History

Aim: a worm (lightly wounded, poisoned)
You miscast Sting.
Nothing appears to happen.
You now have 3/7 mp.
Aim: a worm (lightly wounded, poisoned)
The sting hits the worm.
The worm looks even sicker.
Spoiler Alert: The worm can hit for moderate damage in melee!
You now have 2/7 mp.
Aim: a worm (lightly wounded, poisoned)
The sting hits the worm.
The worm looks as sick as possible!
You now have 1/7 mp.
You hit the worm but do no damage. You barely miss the worm.
The worm bites you.
Spoiler Alert: The worm can hit for moderate damage in melee!
You take 3 damage, and have 33/36 hp.
You barely miss the worm. The worm bites you.
You take 3 damage, and have 30/36 hp.
You hit the worm. You hit the worm but do no damage.
You kill the worm!
You see here a worm corpse.
You butcher the worm corpse.
w - 5 chunks of flesh {@w0} (gained 3)
C - a scroll labeled ROBBEESAUZ You start resting.
Eating one of 5 chunks of flesh {@w0}.
You start eating one of the 5 chunks of flesh {@w0}.
You continue eating. x2
You finish eating.
You regained 2 hp, and now have 34/36 hp.
You regained 2 mp, and now have 5/7 mp.
You start resting.
Your magical contamination has completely faded away.
You start resting.
Health restored: 36 MP restored: 7 Some of the chunks of flesh in your inventory have rotted away.
D - a metallic yellow potion
There is a stone staircase leading up here.
The gnoll is too close now for your liking.
Spoiler Alert: The gnoll (sleeping) can hit for moderate damage in melee, and throws nets!
The gnoll shouts!
Spoiler Alert: The gnoll can hit for moderate damage in melee, and throws nets!
Aim: a gnoll, wielding a spear of chaos The sting hits the gnoll.
The gnoll is poisoned.
You now have 6/7 mp.
The gnoll hits you from afar with a spear of chaos!
You take 12 damage, and have 24/36 hp.
MASSIVE DAMAGE!!
Aim: a gnoll, wielding a spear of chaos (moderately wounded, poisoned)
You miscast Sting.
You are very lightly contaminated with residual magic.
You feel mildly nauseous. The gnoll hits you but does no damage.
Spoiler Alert: The gnoll can hit for moderate damage in melee, and throws nets!
You now have 5/7 mp.
Aim: a gnoll, wielding a spear of chaos (heavily wounded, poisoned)
The sting hits the gnoll.
The gnoll appears unharmed.
The gnoll looks more healthy.
The gnoll barely misses you.
You now have 4/7 mp.
Aim: a gnoll, wielding a spear of chaos (heavily wounded)
The sting hits the gnoll.
The gnoll appears unharmed.
The gnoll hits you from afar with a spear of chaos!
Spoiler Alert: The gnoll can hit for moderate damage in melee, and throws nets!
You take 7 damage, and have 18/36 hp.
You now have 3/7 mp.
Aim: a gnoll, wielding a spear of chaos (heavily wounded)
The splash of poison misses the gnoll.
You feel slightly more hungry. The gnoll barely misses you.
Aim: a gnoll, wielding a spear of chaos (heavily wounded)
The sting hits the gnoll.
The gnoll is poisoned.
The gnoll hits you from afar with a spear of chaos.
You feel drained.
Spoiler Alert: The gnoll can hit for moderate damage in melee, and throws nets!
You take 2 damage, and have 16/36 hp.
Aim: a gnoll, wielding a spear of chaos (heavily wounded, poisoned)
The sting hits the gnoll.
The gnoll looks even sicker.
The gnoll hits you from afar with a spear of chaos!
* * * LOW HITPOINT WARNING * * *
The gnoll draws strength from your injuries!
Spoiler Alert: The gnoll can hit for moderate damage in melee, and throws nets!
You take 8 damage, and have 8/36 hp.
MASSIVE DAMAGE!!
You now have 2/7 mp.
You feel better.
You have got your breath back.
The gnoll barely misses you.
Spoiler Alert: The gnoll can hit for moderate damage in melee, and throws nets!
You regained 8 hp, and now have 16/36 hp.
Aim: a gnoll, wielding a spear of chaos (lightly wounded, poisoned)
The splash of poison hits the gnoll.
The gnoll looks even sicker.
You feel slightly more hungry. The gnoll barely misses you.
Aim: a gnoll, wielding a spear of chaos (heavily wounded, poisoned)
You miscast Sting.
Your skin glows momentarily.
The gnoll completely misses you.
Spoiler Alert: The gnoll can hit for moderate damage in melee, and throws nets!
You now have 1/7 mp.
Aim: a gnoll, wielding a spear of chaos (heavily wounded, poisoned)
The sting misses the gnoll.
You have got your breath back.
The gnoll hits you from afar with a spear of chaos.
Space warps horribly around you!
You die...

############
#..@.......#
###g######...#
#≈≈..# ##..##
#.≈.##⌠#.≈.#.##..#
#.⌠≈..........###..
#.#.≈.#..≈≈##..≈#..
#≈#.≈≈.⌠≈#.# .⌠##..
....$⌠#.≈..# #.#.#


You could see a gnoll.

Vanquished Creatures
  A gnoll (D:1)
  2 adders (D:2)
  An ooze (D:1)
  4 worms
  2 dart slugs
  2 giant geckos
  An orc (D:3)
  4 giant cockroaches
  7 goblins
  8 hobgoblins
  9 kobolds
  A ball python (D:2)
  2 bats
  A giant newt (D:2)
  9 rats
54 creatures vanquished.

Notes
Turn   | Place    | Note
-------+----------+-------------------------------------------
     0 | D:1      | packetloss the Naga Venom Mage began the quest for the Orb.
     0 | D:1      | Reached XP level 1. HP: 15/15 MP: 3/3
   261 | D:1      | Reached XP level 2. HP: 22/22 MP: 0/5
   555 | D:1      | Reached XP level 3. HP: 27/28 MP: 4/6
   770 | D:1      | You fall through a shaft!
   866 | D:2      | Learned a level 3 spell: Mephitic Cloud
  1177 | D:1      | Reached skill level 1 in Conjurations
  1615 | D:2      | Reached XP level 4. HP: 32/36 MP: 4/7
  1646 | D:2      | Reached skill level 4 in Stealth
  2036 | D:2      | Reached skill level 2 in Conjurations
  3134 | D:3      | HP: 8/36 [gnoll/spear of chaos (8)]
  3138 | D:3      | Slain by a gnoll

Vault maps used:
D:1:      minmay_arrival_loop
D:3:      tgw_xom

Skill      XL: |  1  2  3  4 |
---------------+-------------+-----
Conjurations   | 1 2 |  2.3
Stealth        | 4 |  4.5
Dodging        | |  1.5
Spellcasting   | |  2.5
Poison Magic   | |  5.9

Action                   |  1- 3 |  4- 6 || total
-------------------------+-------+-------++-------
Melee: Club              |    15 |       ||    15
       Whip              |    25 |    48 ||    73
Throw: Stone             |       |     3 ||     3
 Cast: Sting             |    64 |    71 ||   135
 Abil: Spit Poison       |       |     2 ||     2
  Use: Scroll            |     2 |     3 ||     5
       Potion            |       |     1 ||     1
  Eat: Chunk             |     3 |     6 ||     9
Armor: Robe              |    15 |     9 ||    24
Dodge: Dodged            |    36 |    38 ||    74

Vault maps used:
D:1:      minmay_arrival_loop
D:3:      tgw_xom

Table legend:
 A = Turns spent in this place as a percentage of turns spent in the entire game.
 B = Non-inter-level travel turns spent in this place as a percentage of non-inter-level travel turns spent in the entire game.
 C = Inter-level travel turns spent in this place as a percentage of turns spent in this place.
 D = Turns resting spent in this place as a percentage of non-inter-level travel turns spent in this place.
 E = Turns spent auto-exploring this place as a percentage of non-inter-level travel turns spent in this place.
 F = Non-inter-level travel turns spent in this place divided by the number of levels of this place that you've seen.
                   A       B       C       D       E      F
               +-------+-------+-------+-------+-------+----------------------
         Total | 100.0 | 100.0 |   0.1 |   5.6 |   0.8 | 551.7
       Dungeon | 100.0 | 100.0 |   0.1 |   5.6 |   0.8 | 551.7
               +-------+-------+-------+-------+-------+----------------------

Table legend:
 A = Kills in this place as a percentage of kills in entire the game.
 B = Kills by you in this place as a percentage of kills by you in the entire game.
 C = Kills by friends in this place as a percentage of kills by friends in the entire game.
 D = Other kills in this place as a percentage of other kills in the entire game.
 E = Experience gained in this place as a percentage of experience gained in the entire game.
 F = Experience gained in this place divided by the number of levels of this place that you have seen.
                   A       B       C       D       E      F
               +-------+-------+-------+-------+-------+----------------------
         Total | 100.0 | 100.0 |  -nan |  -nan | 100.0 |  50.0
       Dungeon | 100.0 | 100.0 |  -nan |  -nan | 100.0 |  50.0
               +-------+-------+-------+-------+-------+----------------------
